 Dungeon Crawl Stone Soup version 0.32-a0-818-gb728d0252e (webtiles) character file.

Game seed: 9240435684211577270

98 spaghetti the Slasher (level 4, -6/42 HPs)
             Began as a Naga Chaos Knight on Mar 23, 2024.
             Was a Plaything of Xom.
             Killed by divine providence
             ... invoked by an orc priest
              (12 damage)
             ... on level 3 of the Dungeon.
             The game lasted 00:03:26 (1704 turns).

spaghetti the Slasher (Naga Chaos Knight)           Turns: 1704, Time: 00:03:27

Health: -6/42      AC:  5    Str: 11 (14) XL:     4   Next: 71%
Magic:  3/3        EV:  9    Int: 16 (18) God:    Xom [...*..]
Gold:   122        SH:  0    Dex: 17 (19) Spells: 0/3 levels left

rFire   + + .        k - +1 short sword (speed)
rCold   . . .        (no shield)
rNeg    . . .        b - +2 leather armour
rPois   +            (no helmet)
rElec   .            (no cloak)
rCorr   .            (no gloves)
SInv    +            (no barding)
Will    .....        (no amulet)
Stlth   +            i - +6 ring of dexterity
HPRegen 0.27/turn    f - +6 ring of intelligence
MPRegen 0.08/turn

%: random rage (3%)
@: brilliant, hasted, quick
A: AC +1, large, see invisible, deformed body, poison resistance, slowness 2,
spit poison 1, naga tail 1, berserk 1, fire resistance 2, low MP 1, inability to
drink after injury 1
a: Spit Poison, Renounce Religion


You were on level 3 of the Dungeon.
You worshipped Xom.
You were a favourite toy of Xom.
You visited 1 branch of the dungeon, and saw 3 of its levels.

You collected 122 gold pieces.

Inventory:

Hand Weapons
 a - a +0 falchion of flaming
 k - a +1 short sword of speed (weapon)
Armour
 b - a +2 leather armour (worn)
Jewellery
 f - a +6 ring of intelligence (right hand)
 i - a +6 ring of dexterity (left hand)
Scrolls
 d - a scroll of silence
 h - 3 scrolls of fog
 m - a scroll of noise {unknown}
Potions
 e - a potion of brilliance


   Skills:
 - Level 3.0 Fighting
 + Level 4.2 Long Blades
 - Level 1.5 Armour
 + Level 2.4 Dodging
 + Level 0.1 Summonings
 + Level 0.1 Ice Magic


You couldn't memorise any spells.
You knew the following spells:

 Your Spells              Type           Power      Damage    Failure   Level
a - Summon Ice Beast      Ice/Summ       0%         N/A       67%         3

Your spell library contained the following spells:

 Spells                   Type           Power      Damage    Failure   Level
 Summon Mana Viper        Hex/Summ       0%         N/A       100%        5
 Monstrous Menagerie      Summ           0%         N/A       100%        7


Dungeon Overview and Level Annotations

Branches:
Dungeon (3/15)

Altars:


Innate Abilities, Weirdness & Mutations

Your serpentine skin is tough. (AC +1)
You have supernaturally acute eyesight. (SInv)
Armour fits poorly on your strangely shaped body.
Your system is resistant to poisons. (rPois)
You cover ground very slowly.
You can spit poison.
You have a snake-like lower body.
You sometimes lose your temper in combat.
Your flesh is very heat resistant. (rF++)
Your magical capacity is low. (-10% MP)
You occasionally lose the ability to drink potions when taking damage.


Message History

The orc priest miscasts a cantrip.
The orc wizard mumbles some strange words.
The orc wizard flickers and vanishes for a moment.
You hit the orc wizard.
The orc wizard is lightly wounded.
You hit the orc wizard.
The orc wizard is moderately wounded.
The orc wizard hits you with a +0 dagger.
You hit the orc wizard but do no damage.
The orc wizard is moderately wounded.
You barely miss the orc wizard.
The orc wizard is moderately wounded.
The orc priest calls down the wrath of Beogh upon you.
Beogh smites you!
A shower of butterflies erupts from you!
The orc priest invokes the aid of Beogh against you.
Beogh smites you!
* * * LOW HITPOINT WARNING * * *
The orc wizard barely misses you.
Okay, then.
As you read the scroll of butterflies, it crumbles to dust.
You hear the flapping of tiny wings.
Your butterfly is knocked back by the sudden gust. x3
The orc wizard is knocked back by the sudden gust.
Your butterfly is knocked back by the sudden gust.
The orc priest is knocked back by the sudden gust. x2
The orc priest hits your butterfly with a +0 club.
Your butterfly dies!
Your butterfly disappears in a burst of colours!
The orc wizard hits your butterfly with a +0 dagger.
Your butterfly dies!
Your butterfly disappears in a burst of colours!
You feel yourself speed up.
The orc priest begins to cast a cantrip, but forgets the words!
The orc wizard points at you and mumbles some strange words.
Your butterfly resists with significant effort.
The orc priest mumbles some strange prayers to Beogh against you.
Beogh smites you!
You die...
Xom snickers!

.......†..........#
#...........####.##
#####...########b# #
#...# #...b.
#####...#####.##o# #
...............b.##.#
.#########.##)##bb.
...#...#...##b##b##.#
.#.#.#.#.#..bobb@bbo#
.#.#.#.#.#b##.##b####
.#.#.#.#.#...$..b#
.#.#.#.#.#.....b.#
.#.#.#.#.#.##b#b##
.#.#.#.#.#.##.#b#
.#...#...#....#.#
.#########.####.# ..


You could see 2 orc priests and an orc wizard (invisible, ally target).

Vanquished Creatures
  2 adders
  3 dart slugs
  A ribbon worm (D:2)
  3 orcs (D:3)
  5 ball pythons
  4 bats
  6 endoplasms
  5 giant cockroaches
  7 hobgoblins
  5 jackals (D:1)
  2 quokkas
  5 frilled lizards
  4 goblins
  10 kobolds
  2 rats
64 creatures vanquished.

Notes
Turn   | Place    | Note
-------+----------+-------------------------------------------
     0 | D:1      | spaghetti the Naga Chaos Knight began the quest for the
                  | Orb.
     0 | D:1      | Reached XP level 1. HP: 21/21 MP: 1/1
    96 | D:1      | Reached skill level 1 in Dodging
   104 | D:1      | Reached XP level 2. HP: 16/28 MP: 2/2
   104 | D:1      | XOM: silly message
   329 | D:1      | Reached XP level 3. HP: 11/34 MP: 3/3
   933 | D:2      | XOM: cloud trail
   969 | D:2      | XOM: god gift: granite talisman
  1004 | D:2      | Reached skill level 4 in Long Blades
  1004 | D:2      | Reached XP level 4. HP: 40/42 MP: 4/4
  1025 | D:2      | XOM: give mutation
  1025 | D:2      | Gained mutation: Your magical capacity is low. (-10% MP)
                  | [Xom's mischief]
  1175 | D:2      | XOM: smoke on damage
  1289 | D:2      | XOM: 1-stop teleportation journey
  1307 | D:2      | XOM: give mutations
  1307 | D:2      | Gained mutation: Your flesh is heat resistant. (rF+) [Xom's
                  | mischief]
  1307 | D:2      | Gained mutation: You are somewhat resistant to further
                  | mutation. [Xom's mischief]
  1307 | D:2      | Gained mutation: Your flesh is very heat resistant. (rF++)
                  | [Xom's mischief]
  1362 | D:2      | XOM: give mutation
  1362 | D:2      | Gained mutation: You sometimes lose your temper in combat.
                  | [Xom's mischief]
  1547 | D:3      | Learned a level 3 spell: Summon Ice Beast
  1603 | D:3      | XOM: give mutations
  1603 | D:3      | Lost mutation: You sometimes lose your temper in combat.
                  | [Xom's mischief]
  1603 | D:3      | Gained mutation: You occasionally lose the ability to drink
                  | potions when taking damage. [Xom's mischief]
  1603 | D:3      | Lost mutation: You are somewhat resistant to further
                  | mutation. [Xom's mischief]
  1603 | D:3      | Gained mutation: You sometimes lose your temper in combat.
                  | [Xom's mischief]
  1685 | D:3      | XOM is BORED!
  1685 | D:3      | XOM: torment (22/42 hp)
  1695 | D:3      | XOM: potion effect (brilliance)
  1702 | D:3      | XOM: butterfly on damage
  1704 | D:3      | Killed from afar by an orc priest

Illustrated notes

Levels and vault maps discovered:
D:1:      dpeg_arrival_brainrot, layout_rooms, serial_bayou_pond_c,
          hangedman_decor_clover_reticule
D:2:      minmay_evil_eye, layout_rooms
D:3:      layout_loops_cross, gammafunk_ghost_nasty_kobolds,
          shapermc_ecumenical_altar_petra, st_stairs_1, minivault_27

Skill      XL: |  1  2  3 |
---------------+----------+-----
Dodging        | 1 2 |  2.4
Long Blades    | 4 |  4.2
Fighting       | |  3.0
Armour         | |  1.5
Summonings     | |  0.1
Ice Magic      | |  0.1

Action                     |  1- 3 |  4- 6 || total
---------------------------+-------+-------++-------
  Melee: Falchion          |   105 |     1 ||   106
         Short sword       |       |    52 ||    52
Ability: Spit Poison       |    25 |    12 ||    37
    Use: Potion            |     4 |     3 ||     7
         Scroll            |     5 |     3 ||     8
 Armour: Leather armour    |   115 |    36 ||   151
  Dodge: Dodged            |    70 |    30 ||   100

Table legend: (Time is in decaauts)
 A = Elapsed time spent in this place.
 B = Non-inter-level travel time spent in this place.
 C = Inter-level travel time spent in this place.
 D = Time resting spent in this place.
 E = Time spent auto-exploring this place.
 F = Levels seen in this place.
 G = Mean time per level.
                   A        B        C        D        E       F      G
               +--------+--------+--------+--------+--------+-----+--------+
         Total |   2130 |   2106 |     24 |     84 |   1610 |   3 |  710.0 |
       Dungeon |   2130 |   2106 |     24 |     84 |   1610 |   3 |  710.0 |
               +--------+--------+--------+--------+--------+-----+--------+

Top non-repeatable levels by time:
     D:2: 938 daAuts
     D:1: 892 daAuts
     D:3: 299 daAuts
